[Event "Early-Titled-Tuesday-Blitz-February-06-2024"]
[Site "Chess.com"]
[Date "2024.02.06"]
[Round "3"]
[White "mbchess97"]
[Black "vladgoncharov"]
[Result "0-1"]
[WhiteElo "2427"]
[BlackElo "2632"]
[TimeControl "180+1"]
[EndTime "8:28:39 PST"]
[Termination "vladgoncharov won on time"]

1. c4 Nf6 2. g3 c5 3. Bg2 Nc6 4. Nc3 g6 5. Nf3 d6 6. d4 cxd4 7. Nxd4 Bd7 8. O-O Bg7 9. Nxc6 Bxc6 10. Nd5 O-O 11. Bg5 Bxd5 12. cxd5 h6 13. Bf4 Qa5 14. Qb3 Qb6 15. Qxb6 axb6 16. Be3 Nd7 17. a4 Bxb2 18. Rab1 Bf6 19. Bh3 Rfd8 20. Bxb6 Nxb6 21. Rxb6 Rxa4 22. Rxb7 Ra2 23. e3 Rda8 24. Rc1 Rd2 25. Bg2 Raa2 26. Rf1 h5 27. Rbb1 Bg5 28. Bf3 h4 29. Ra1 hxg3 30.
hxg3 Rxf2 31. Rxa2 Rxa2 32. e4 Kg7 33. Bg2 Bf6 34.
Kh2 Be5 35. Kh3 Ra4 36. Bf3 Ra3 37. Kg2 Kh6 38. Rh1+ Kg5 39. Rf1 f5 40. exf5 gxf5 41. Rf2 Bd4 42. Re2 Be3 43. Rc2 Kf6 44. Be2 Ke5 45.
Bf3 Ra1 46. Re2 Kd4 47. Kh3 Ra8 48. g4 Rh8+ 49. Kg2 f4 50. Re1 Ra8 51. Re2 Kd3 52.
Rb2 Ra1 53. Kh3 Kd4 54. Re2 Rf1 55. Bg2 Rg1 56. g5 f3 57. Bxf3 Rxg5 58. Rg2 Rf5 0-1

[Event "Early-Titled-Tuesday-Blitz-February-06-2024"]
[Site "Chess.com"]
[Date "2024.02.06"]
[Round "3"]
[White "Sokoloco"]
[Black "vishwa_vijeta"]
[Result "1-0"]
[WhiteElo "2793"]
[BlackElo "2558"]
[TimeControl "180+1"]
[EndTime "8:28:40 PST"]
[Termination "Sokoloco won by resignation"]

1. b3 c5 2. Bb2 d6 3. e3 e5 4. d4 cxd4 5. exd4 e4 6. d5 Nf6 7. c4 Nbd7 8. Nc3 Ne5 9. Qc2 Bf5 10.
f3 Nd3+ 11. Bxd3 exd3 12. Qf2 Be7 13. g4 Nxg4 14. fxg4 Bh4 15. gxf5 O-O 16. Nf3 Re8+ 17. Kf1 Bxf2 18. Kxf2 Qb6+ 19. Kg2 Qe3 20. Rad1 g5 21.
Bc1 d2 22. Bxd2 Qd3 23. Nxg5 Re2+ 24. Nxe2 Qxe2+ 25. Kg3 Re8 26. Rhe1 Qd3+ 27. Nf3 Rxe1 28. Rxe1 Qxf5 29. Re8+ Kg7 30. Bc3+ f6 31. Re7+ Kf8 32. Rxb7 Qg6+ 33. Kf2 Qc2+ 34. Bd2 Qxa2 35. Kg3 a5 36.
Bh6+ Ke8 37. Nd4 a4 38. Nc6 Qe2 39. Re7+ Qxe7 40. Nxe7 axb3 41. Bc1 Kxe7 42. Kf4 Kd7 43. Kf5 Kc7 44. Kxf6 Kb6 45. Ba3 Ka5 46. Ke6 Ka4 47. Bb2 Kb4 48. Kxd6 Kxc4 49. Kc6 Kd3 50. d6 Kc2 51.
Be5 b2 52. Bxb2 Kxb2 53. d7 Kc2 54. d8=Q Kb2 55. Qd3 1-0

[Event "Early-Titled-Tuesday-Blitz-February-06-2024"]
[Site "Chess.com"]
[Date "2024.02.06"]
[Round "3"]
[White "Bkmzzzzz"]
[Black "ChainedDowntohell"]
[Result "1-0"]
[WhiteElo "2391"]
[BlackElo "2553"]
[TimeControl "180+1"]
[EndTime "8:28:40 PST"]
[Termination "Bkmzzzzz won by checkmate"]

1. e4 c5 2. Nf3 a6 3. c4 Nc6 4.
Nc3 Nf6 5. d4 cxd4 6. Nxd4 e6 7.
Be3 Bb4 8. Bd3 Qc7 9. O-O O-O 10.
a3 Bxc3 11. bxc3 Ne5 12. Qe2 d6 13. Bg5 Nfd7 14. f4 Nxd3 15. Qxd3 b6 16. Rf3 Bb7 17. f5 Ne5 18. Qe2 Nxf3+ 19. gxf3 e5 20. Nc2 f6 21. Bh4 Rfc8 22. Ne3 b5 23. Qg2 Kh8 24. Rb1 Rab8 25. Ng4 Rf8 26. cxb5 axb5 27. Rxb5 Qxc3 28. Rb1 Ba6 29.
Rd1 Qxa3 30. Qd2 Qxf3 31. Nf2 Rfd8 32. Rc1 Qf4 33. Qxf4 exf4 34. Nh3 f3 35. Kf2 Be2 36. Bg3 Rb2 37. Ng1 Re8 38. Bxd6 h6 39. Nxf3 Rxe4 40.
Ne1 Kh7 41. Ng2 Bd1+ 42. Kg3 Bh5 43. Nf4 Bf7 44. Rc7 Re3+ 45. Kh4 Bb3 46. Ng6 Rxh2+ 47. Bxh2 Bd1 48. Rc8 Re4+ 49. Bf4 Rxf4+ 50. Nxf4 g5+ 51. fxg6+ Kg7 52. Rc7+ Kg8 53. Rf7 Bc2 54. Rxf6 h5 55.
Kxh5 Bb3 56. Kh6 Bd5 57. Nxd5 Kh8 58. Rf8# 1-0

[Event "Early-Titled-Tuesday-Blitz-February-06-2024"]
[Site "Chess.com"]
[Date "2024.02.06"]
[Round "3"]
[White "Szparu"]
[Black "SmirnovAlexandrA"]
[Result "1-0"]
[WhiteElo "2822"]
[BlackElo "2610"]
[TimeControl "180+1"]
[EndTime "8:28:41 PST"]
[Termination "Szparu won by resignation"]

1. Nf3 Nf6 2. c4 g6 3. Nc3 Bg7 4. g3 O-O 5. Bg2 d6 6. O-O c5 7.
d4 Nc6 8. d5 Na5 9. Nd2 a6 10.
Rb1 Bd7 11. b3 b5 12. Bb2 bxc4 13. bxc4 Rb8 14. Qc2 e5 15. dxe6 Bxe6 16. Nd5 Nxd5 17. cxd5 Bf5 18. e4 Rxb2 19. Rxb2 Bxb2 20. Qxb2 Bd7 21.
Rb1 Bb5 22. Bf1 Bxf1 23. Kxf1 f5 24. Qb6 fxe4 25. Qxd8 Rxd8 26. Nxe4 Nc4 27. Ke2 Re8 28. f3 Kf7 29. Kd3 Ne5+ 30. Kc3 Rd8 31. Rb7+ Kf8 32. f4 Ng4 33. Rxh7 Ne3 34. Nf6 a5 35. a4 Nf1 36.
g4 Ne3 37. g5 Nf5 38. h4 Ng7 39. Kc4 Kf7 40. h5 gxh5 41. Nxh5 Rg8 42. f5 Kf8 43. Nf6 Nxf5 44. Nxg8 Kxg8 45. Rd7 Kf8 46. g6 Kg8 47. Kb5 Kf8 48. Kxa5 c4 49. Kb4 Ne3 50. a5 Nxd5+ 51. Kxc4 Nf6 52. Rxd6 Ng4 53. a6 Ne5+ 54. Kd5 1-0

[Event "Early-Titled-Tuesday-Blitz-February-06-2024"]
[Site "Chess.com"]
[Date "2024.02.06"]
[Round "3"]
[White "volkanyirik"]
[Black "SahibSinghKnight"]
[Result "0-1"]
[WhiteElo "2431"]
[BlackElo "2653"]
[TimeControl "180+1"]
[EndTime "8:28:41 PST"]
[Termination "SahibSinghKnight won on time"]

1. e4 e6 2. Nc3 d5 3. d4 Nf6 4. Bg5 Bb4 5. exd5 Qxd5 6. Nf3 Ne4 7. Bd2 Bxc3 8. bxc3 Nxd2 9. Qxd2 O-O 10. Bd3 b6 11.
O-O Bb7 12. Rfe1 Qh5 13. Be4 Bxe4 14. Rxe4 Nd7 15. Ne5 Nf6 16. Re3 Rfd8 17. Qe1 Qf5 18. Qe2 Rd6 19. Re1 Rad8 20. Rf3 Qh5 21. Qe3 Nd5 22. Qd3 f6 23. Nc4 Rc6 24. Rh3 Qf5 25. Qf1 Qxc2 26. Ne3 Qg6 27. c4 Nf4 28. Rg3 Qd3 29.
Qxd3 Nxd3 30. Rd1 Nb2 31. Re1 Rxd4 32. h3 Nxc4 33. Ng4 Kf8 34. Rc3 e5 35. Rg3 Rc5 36. Kh2 Nd6 37. Ne3 Ne4 38. Rf3 Nd2 39. Rg3 g6 40. Ng4 Kg7 41. Rge3 Nc4 42. Rg3 Nd6 43. Ne3 Kf7 44. f3 h5 45. Re2 Rc3 46. Nc2 Rdc4 47.
Ne3 Rxe3 48. Rxe3 Nf5 49. f4 exf4 50. Rc3 fxg3+ 0-1

[Event "Early-Titled-Tuesday-Blitz-February-06-2024"]
[Site "Chess.com"]
[Date "2024.02.06"]
[Round "3"]
[White "Arigu07"]
[Black "annamaja"]
[Result "0-1"]
[WhiteElo "2553"]
[BlackElo "2394"]
[TimeControl "180+1"]
[EndTime "8:28:41 PST"]
[Termination "annamaja won by resignation"]

1. a3 d5 2. d4 a6 3. a4 a5 4. Nf3 Nf6 5. Bf4 c6 6. c3 Bf5 7.
Nbd2 Nbd7 8. h3 h6 9. g4 Bh7 10. Bg2 e6 11. e3 Qb6 12. Qc1 c5 13. O-O Bd6 14. Bxd6 Qxd6 15. Ra3 O-O 16. Rb3 c4 17.
Ra3 Bd3 18. Re1 Ne4 19. Nxe4 dxe4 20. Nd2 f5 21. Qd1 Nf6 22. Bf1 fxg4 23. hxg4 Rac8 24. Ra1 Qd5 25. Bg2 Qg5 26. f4 exf3 27. Nxf3 Qxg4 28. Ne5 Qxd1 29. Raxd1 Be4 30. Bf1 Bd5 31. Re2 Ne4 32. Rg2 g5 33. Rh2 Kg7 34. Ng4 Rh8 35. Bg2 h5 36. Ne5 g4 37. Bf1 Ng5 38. Bg2 Rcf8 39. Re1 Be4 40. Nxc4 Bxg2 41. Kxg2 Nf3 42. Reh1 Nxh2 43. Rxh2 h4 44. Ne5 g3 45. Rh1 Rf2+ 46. Kh3 Rxb2 47. Nf3 Rb3 48. Rc1 Ra3 49. Nxh4 g2 50.
Rg1 Rxc3 51. Rxg2+ Kf6 52. Rg3 Ra3 53. Kg4 Rg8+ 54. Kf4 Rxg3 55. Kxg3 Rxe3+ 0-1

[Event "Early-Titled-Tuesday-Blitz-February-06-2024"]
[Site "Chess.com"]
[Date "2024.02.06"]
[Round "3"]
[White "shimastream"]
[Black "Maitreia"]
[Result "1/2-1/2"]
[WhiteElo "3024"]
[BlackElo "2747"]
[TimeControl "180+1"]
[EndTime "8:28:42 PST"]
[Termination "Game drawn by repetition"]

1. d4 Nf6 2. Bg5 g6 3. Bxf6 exf6 4. c4 d5 5. cxd5 Qxd5 6. Nc3 Qd8 7. e3 c6 8. Nge2 Bd6 9. g3 h5 10. h4 O-O 11. Bg2 f5 12. Rb1 Qe7 13. a3 Nd7 14. b4 a6 15. O-O Nf6 16. Re1 Be6 17. Qc2 Rfe8 18. Qb2 Rad8 19. a4 Ng4 20. b5 axb5 21. axb5 Bd7 22. Qd2 g5 23. bxc6 bxc6 24. hxg5 Qxg5 25.
Rb6 h4 26. Nf4 hxg3 27. fxg3 Qh6 28. Bf3 Bxf4 29. gxf4 Qh4 30. Bxg4 Qg3+ 31. Kf1 fxg4 32. Qf2 Qh3+ 33. Ke2 g3 34. Qg1 Bg4+ 35. Kd2 Bf3 36. e4 Qh2+ 37. Ke3 Bxe4 38. Nxe4 f5 39. Qxh2 gxh2 40. Rh1 Rxe4+ 41. Kf3 Rdxd4 42. Rxh2 Rxf4+ 43. Kg3 Rg4+ 44. Kf3 Rd3+ 45. Ke2 Rc3 46. Rh6 Rgc4 47. Rb7 Rc2+ 48. Kd3 R2c3+ 49. Kd2 Rc2+ 50. Kd3 R2c3+ 51.
Kd2 f4 52. Rd6 Rc2+ 53. Kd3 R2c3+ 54. Kd2 Rc2+ 55. Kd3 R2c3+ 56. Kd2 1/2-1/2

[Event "Early-Titled-Tuesday-Blitz-February-06-2024"]
[Site "Chess.com"]
[Date "2024.02.06"]
[Round "3"]
[White "VomDingJetztHer"]
[Black "Kostukov_Alex"]
[Result "0-1"]
[WhiteElo "2483"]
[BlackElo "2312"]
[TimeControl "180+1"]
[EndTime "8:28:42 PST"]
[Termination "Kostukov_Alex won by resignation"]

1. d4 g6 2. Nf3 Bg7 3. h4 h5 4. Bf4 c5 5. e3 Nf6 6. c3 O-O 7. Bd3 cxd4 8. exd4 d5 9. Nbd2 Nc6 10.
Ne5 Nd7 11. Nxd7 Bxd7 12. Nf3 Bg4 13. Be2 Rc8 14. Qb3 Na5 15. Qa4 a6 16. O-O Nc4 17.
Qb4 b6 18. Rfe1 e6 19. Bg5 Qc7 20. Nd2 a5 21. Qb5 Bxe2 22. Rxe2 Qc6 23. Qxc6 Rxc6 24.
Nxc4 Rxc4 25. a4 Rb8 26. Be7 b5 27. axb5 Rxb5 28. Bd8 a4 29. Be7 Bf8 30. Bxf8 Kxf8 31. Ra3 Rb3 32. Rxb3 axb3 33. g3 Ra4 34. Kg2 Ra1 35.
Kf3 Ke7 36. Kf4 f6 37. Ke3 Kd6 38. Kd3 Rc1 39. Kd2 Rb1 40. Kd3 e5 41. dxe5+ fxe5 42. c4 d4 43. f4 Rd1+ 44. Ke4 exf4 45. Kxf4 Kc5 46. Kg5 Kxc4 47. Re8 Rg1 48. Kxg6 Rxg3+ 49.
Kxh5 Kd3 50. Rc8 Kd2 51. Kh6 d3 52. h5 Ke2 53. Re8+ Re3 54. Rd8 d2 55. Kg5 d1=Q 56.
Re8 Kd2 57. Rd8+ Rd3 58. Rxd3+ Kxd3 59. h6 Qh1 60. Kg6 Kc2 61. h7 Kxb2 62. Kg7 Qxh7+ 63. Kxh7 Kc2 0-1

[Event "Early-Titled-Tuesday-Blitz-February-06-2024"]
[Site "Chess.com"]
[Date "2024.02.06"]
[Round "3"]
[White "Korchmar_Vasiliy"]
[Black "DevikBronstein"]
[Result "1-0"]
[WhiteElo "2717"]
[BlackElo "2901"]
[TimeControl "180+1"]
[EndTime "8:28:43 PST"]
[Termination "Korchmar_Vasiliy won by resignation"]

1. e4 c5 2. d4 cxd4 3. Qxd4 Nc6 4. Qd3 Nf6 5. Nc3 a6 6. Nf3 d6 7. Be2 e6 8. Bf4 e5 9. Bg5 Be7 10. O-O-O Be6 11. Bxf6 gxf6 12. Nd5 Qa5 13. a3 Bxd5 14. exd5 Nb8 15. Nh4 Nd7 16. Nf5 Bf8 17. Kb1 Rg8 18.
Qh3 h6 19. Bg4 Nc5 20. Rhe1 Qb6 21. Re3 a5 22. Qh4 Rg5 23. f4 Rg6 24. fxe5 fxe5 25. Rde1 Na4 26. Rb3 Qc7 27. Bh5 Nc5 28. Rc3 Rg5 29.
g4 b5 30. Qf2 b4 31. Rxc5 Qxc5 32. Nxd6+ Bxd6 33. Qxf7+ Kd8 34. Qe8+ Kc7 35. Qxa8 bxa3 36. Rf1 Rg7 37. Rf3 Qg1+ 38. Ka2 Qb6 39. Rc3+ Bc5 40. bxa3 Kd7 41. Qe8+ Kc7 42. Qxe5+ Kc8 43. Qxg7 Kd8 44. Qg8+ Kd7 45. Qe6+ Qxe6 46. dxe6+ Kd6 47. Rxc5 Kxc5 48. e7 Kd4 49. e8=Q 1-0

[Event "Early-Titled-Tuesday-Blitz-February-06-2024"]
[Site "Chess.com"]
[Date "2024.02.06"]
[Round "3"]
[White "Dacean99"]
[Black "vladoboch"]
[Result "0-1"]
[WhiteElo "2641"]
[BlackElo "2459"]
[TimeControl "180+1"]
[EndTime "8:28:43 PST"]
[Termination "vladoboch won by checkmate"]

1. e4 e5 2. Nf3 Nc6 3. d4 exd4 4. Bc4 Nf6 5. e5 d5 6. Bb5 Ne4 7. Nxd4 Bd7 8. Bxc6 bxc6 9. O-O Bc5 10. f3 Ng5 11. f4 Ne4 12. Be3 O-O 13. Nd2 Nxd2 14. Qxd2 Bb6 15. Nb3 Qe7 16. Qf2 Bf5 17. c3 f6 18. Bc5 Bxc5 19. Qxc5 Qxc5+ 20. Nxc5 fxe5 21. fxe5 Rae8 22. Rae1 g6 23. h3 h5 24. Kh2 h4 25.
Rf4 g5 26. Ra4 Ra8 27. Ra6 Rfb8 28. b4 Rb6 29. Ra5 Kg7 30. e6 Rbb8 31. e7 Re8 32. Ra6 Kf7 33. Rxc6 Rxe7 34. Rxe7+ Kxe7 35. Rxc7+ Kf6 36. Rc6+ Ke5 37. Na6 Rf8 38. Rc7 Be4 39. Nc5 Rf2 40.
Re7+ Kf4 41. Nxe4 dxe4 42. Rf7+ Ke3 43. Rc7 Rxa2 44. c4 Kd4 45. c5 e3 46. Re7 e2 47. c6 Rc2 48. b5 Kc5 49. Re5+ Kb6 50. Re6 Rb2 51. c7+ Kxc7 52. Re5 Kd6 53. Kg1 Kxe5 54. Kf2 Rxb5 55. Ke1 Ke4 56. Kf2 Rb1 57. g4 e1=Q+ 58. Kg2 Qf1+ 59. Kh2 Qg1# 0-1

[Event "Early-Titled-Tuesday-Blitz-February-06-2024"]
[Site "Chess.com"]
[Date "2024.02.06"]
[Round "3"]
[White "FARIZA2018"]
[Black "salomez"]
[Result "0-1"]
[WhiteElo "2509"]
[BlackElo "2303"]
[TimeControl "180+1"]
[EndTime "8:28:43 PST"]
[Termination "salomez won on time"]

1. e4 c5 2. Nf3 e6 3. d4 cxd4 4. Nxd4 Nf6 5. Nc3 Nc6 6. Ndb5 d6 7. Bf4 e5 8. Bg5 a6 9. Na3 b5 10. Nd5 Be7 11. Bxf6 Bxf6 12. c4 b4 13. Nc2 O-O 14. g3 a5 15. Bg2 Be6 16. O-O Bg5 17. b3 Nb8 18. Qd3 Na6 19. Rad1 Nc5 20. Qe2 Qb8 21.
h4 Bh6 22. Nce3 a4 23. Nf5 Bxf5 24. Ne7+ Kh8 25. Nxf5 axb3 26. axb3 Nxb3 27. Nxh6 gxh6 28. Qe3 Nd4 29. Qxh6 Rg8 30. h5 Qd8 31. Rd2 b3 32. f4 Qf8 33. Qf6+ Qg7 34. Qxd6 Rad8 35. Qb4 Qxg3 36.
fxe5 Nc2 37. Qa5 Ne3 38. Qxd8 Rxd8 39. Rxd8+ Kg7 40. Rf2 b2 41. Rxb2 Qe1+ 42. Kh2 Qh4+ 43. Kg1 Qxd8 0-1

[Event "Early-Titled-Tuesday-Blitz-February-06-2024"]
[Site "Chess.com"]
[Date "2024.02.06"]
[Round "3"]
[White "Jospem"]
[Black "DarkAlekhine"]
[Result "1-0"]
[WhiteElo "3060"]
[BlackElo "2752"]
[TimeControl "180+1"]
[EndTime "8:28:45 PST"]
[Termination "Jospem won on time"]

1. e4 c5 2. Nf3 d6 3. c3 Nf6 4. h3 g6 5. Bd3 Bg7 6. Bc2 Nc6 7.
O-O e5 8. d3 O-O 9. Bg5 h6 10.
Bxf6 Bxf6 11. Bb3 Bg7 12. a3 Kh7 13. Ba2 b5 14. Nbd2 Rb8 15. b4 f5 16. Rb1 a6 17.
Re1 Qc7 18. Rc1 a5 19. Qb3 Qa7 20. Qb2 axb4 21. axb4 Bd7 22. Ra1 Qc7 23. Bd5 Ne7 24.
Bb3 fxe4 25. dxe4 c4 26. Bc2 Ra8 27. Rxa8 Rxa8 28. Nf1 Qa7 29. Rd1 Nc8 30. Bb1 Qa1 31. Qd2 Be6 32. Ne3 Ra3 33. Nc2 Qxc3 34. Nxa3 Qxa3 35. Bc2 Bf8 36. Nh2 Na7 37. Ng4 Nc6 38. Nf6+ Kh8 39. Nd5 Nd4 40. Bb1 Qb3 41. Re1 Kg7 42.
Kh2 Qa3 43. f4 Bxd5 44. exd5 Qa7 45. Qe3 Qc7 46. Qg3 Qf7 47. fxe5 dxe5 48. Qxe5+ Qf6 49. Qxf6+ Kxf6 50. Rf1+ Ke7 51. d6+ Kxd6 52. Rxf8 c3 53. Bxg6 1-0

[Event "Early-Titled-Tuesday-Blitz-February-06-2024"]
[Site "Chess.com"]
[Date "2024.02.06"]
[Round "3"]
[White "verrbaa"]
[Black "Gabrielian_Artur"]
[Result "0-1"]
[WhiteElo "2490"]
[BlackElo "2769"]
[TimeControl "180+1"]
[EndTime "8:28:46 PST"]
[Termination "Gabrielian_Artur won on time"]

1. e4 c5 2. Nf3 d6 3. d4 cxd4 4. Nxd4 Nf6 5. Nc3 Nc6 6. Bc4 e6 7. Be3 Be7 8. Qe2 a6 9. O-O-O Qc7 10.
Bb3 Na5 11. Kb1 b5 12. f3 Bd7 13. g4 b4 14. Na4 Nxb3 15. cxb3 h6 16. Rc1 Qb7 17. h4 g6 18. Qd2 e5 19. Ne2 Bxa4 20.
bxa4 h5 21. g5 Nd7 22. Qd5 Qxd5 23. exd5 f6 24. Rc4 a5 25. Rhc1 Rd8 26. gxf6 Nxf6 27. Bb6 Ra8 28. Rc8+ Kf7 29. Rxh8 Rxh8 30. Bxa5 Nxd5 31.
Rd1 Ke6 32. a3 bxa3 33. bxa3 Ra8 34. Bc3 Rxa4 35. Kb2 Rxh4 36. Kb3 Ne3 37. Re1 d5 38. Bd2 Nf5 39. Nf4+ Kf7 40. Nxd5 Bd6 41. Bc3 Rh3 42. Nb4 Rxf3 43. a4 Nd4+ 44. Kc4 Bxb4 45. Bxb4 Nc2 46.
Rxe5 Rf4+ 47. Kc3 Nxb4 48. a5 Nc6 49. Rc5 Nxa5 50. Rxa5 Re4 51. Kd3 Re6 52. Rb5 Kf6 53. Ra5 g5 54. Kd2 h4 55. Rb5 h3 56. Rb3 g4 57. Ra3 Kg5 0-1

[Event "Early-Titled-Tuesday-Blitz-February-06-2024"]
[Site "Chess.com"]
[Date "2024.02.06"]
[Round "3"]
[White "IriBu"]
[Black "Asteroxylon"]
[Result "1/2-1/2"]
[WhiteElo "2554"]
[BlackElo "2362"]
[TimeControl "180+1"]
[EndTime "8:28:46 PST"]
[Termination "Game drawn by agreement"]

1. e4 e6 2. d3 d5 3. Nd2 Nf6 4. g3 Be7 5. Bg2 O-O 6. e5 Nfd7 7. f4 c5 8. Ngf3 Nc6 9. O-O b6 10. c4 Nb4 11. Nb1 Bb7 12. a3 Na6 13. Nc3 Nc7 14. h4 a6 15. Ng5 h6 16. Nh3 Ra7 17. Qh5 Qe8 18. cxd5 Nxd5 19. Nxd5 Bxd5 20. Bxd5 exd5 21. f5 Nxe5 22. f6 Bxf6 23. Rxf6 gxf6 24. Bxh6 Ng6 25. Rf1 Re7 26. Bxf8 Qxf8 27. Qxd5 Re5 28. Qf3 Qd6 29. Qxf6 Qd4+ 30. Qf2 Re2 31. Qxd4 cxd4 32. Rf2 Re1+ 33. Rf1 Re2 34. b4 Ne5 35. Nf2 Re3 36. Rd1 Rxg3+ 37. Kf1 Nf3 38. Ke2 Nxh4 39. Rc1 Re3+ 40. Kd2 Nf3+ 41.
Kd1 Ne5 42. Rc8+ Kg7 43. Rb8 Nxd3 44. Ng4 Rg3 45. Nh2 Rg1+ 46. Kd2 Rg2+ 47. Kxd3 Rxh2 48. Rxb6 Rh3+ 49. Kxd4 Rxa3 50. b5 axb5 51. Rxb5 Kg6 52. Ke4 Ra4+ 53. Kf3 f5 54. Rb6+ Kg5 55. Rb3 Rh4 56. Kg2 Rg4+ 57. Kf3 Rc4 58. Kg3 Rg4+ 59. Kf3 Rf4+ 1/2-1/2

[Event "Early-Titled-Tuesday-Blitz-February-06-2024"]
[Site "Chess.com"]
[Date "2024.02.06"]
[Round "3"]
[White "NEPHILIM-SLAYER"]
[Black "Sina_Movahed"]
[Result "0-1"]
[WhiteElo "2739"]
[BlackElo "3026"]
[TimeControl "180+1"]
[EndTime "8:28:47 PST"]
[Termination "Sina_Movahed won by resignation"]

1. Nf3 Nf6 2. c4 g6 3. Nc3 Bg7 4. e4 O-O 5. d4 d6 6. h3 e5 7. d5 Nh5 8. g3 f5 9. exf5 gxf5 10.
Nh4 Nf4 11. Bd2 Na6 12. Rg1 Ng6 13. Nxg6 hxg6 14. Qc2 e4 15. O-O-O Bd7 16. h4 Nb4 17. Qb3 a5 18. a3 Na6 19. Bg5 Qe8 20. Be2 Nc5 21.
Qc2 Ra6 22. Nb5 Rb6 23. Nxc7 Qe5 24. Nb5 Rxb5 25. cxb5 Nd3+ 26. Kb1 Rc8 27. Qd2 Nxb2 28. Bf4 Qe8 29. Rc1 Na4 30. Rxc8 Qxc8 31. Rc1 Nc3+ 32.
Rxc3 Bxc3 33. Qc2 Qc5 34. Bxd6 Qxf2 35. Bc4 Qg1+ 36. Ka2 Qd4 37. Bb3 Bxb5 38. a4 Bd3 39. Qc1 Bc4 40. Qc2 Bxd5 41. Ba3 Kh7 42. Bc1 Qxa4+ 43.
Ba3 Bxb3+ 44. Qxb3 Qxb3+ 45. Kxb3 Bb4 46. Bc1 b5 47. Bf4 Bf8 48. Bc7 a4+ 49. Kc3 b4+ 50.
Kc4 b3 51. Kc3 Bg7+ 52. Kd2 b2 53. Kc2 a3 54. Kb1 e3 55. Bb6 e2 56. Bf2 Kh6 57.
Be1 Kh5 58. Kc2 Kg4 59. Kd3 Kf3 60. Bc3 b1=Q+ 0-1

[Event "Early-Titled-Tuesday-Blitz-February-06-2024"]
[Site "Chess.com"]
[Date "2024.02.06"]
[Round "3"]
[White "Bilan_Danila"]
[Black "Licancabur"]
[Result "1/2-1/2"]
[WhiteElo "2609"]
[BlackElo "2428"]
[TimeControl "180+1"]
[EndTime "8:28:47 PST"]
[Termination "Game drawn by repetition"]

1. d4 d5 2. Nf3 Nf6 3. c4 dxc4 4. e3 Bg4 5. Bxc4 e6 6. h3 Bh5 7. Nbd2 a6 8. Qb3 b5 9. Bd3 Nbd7 10. a4 b4 11. a5 Be7 12. Nc4 Bxf3 13. gxf3 O-O 14. f4 c5 15. O-O cxd4 16. exd4 Nd5 17. Ne5 Nxe5 18. dxe5 Bc5 19. Qc2 Rc8 20. Qe2 Qh4 21.
Qg4 Qxg4+ 22. hxg4 f6 23. Bxa6 Rc7 24. exf6 Rxf6 25.
f5 exf5 26. Bc4 Bxf2+ 27. Rxf2 Rxc4 28. gxf5 Ra6 29. Bg5 Nf6 30. Bxf6 gxf6 31. Rd2 Rc5 32. Rg2+ Kf7 33. Rh2 Rxf5 34. Rxh7+ Kg6 35. Rb7 Rfxa5 36. Rxa5 Rxa5 37. Rxb4 Rc5 38. Kf2 Kg5 39. Kf3 f5 40. Rb8 Rc2 41. Rg8+ Kf6 42. Rb8 Ke5 43. Rb5+ Kf6 44. b4 Rc4 45. Rb8 Rc3+ 46. Kf4 Rc4+ 47. Ke3 Ke5 48. Rb5+ Ke6 49. Rb6+ Kd5 50. Rb5+ Ke6 51.
Rb6+ Kd5 52. Rb5+ Ke6 1/2-1/2

[Event "Early-Titled-Tuesday-Blitz-February-06-2024"]
[Site "Chess.com"]
[Date "2024.02.06"]
[Round "3"]
[White "Felix-Rose"]
[Black "HajiyevKanan"]
[Result "0-1"]
[WhiteElo "2409"]
[BlackElo "2602"]
[TimeControl "180+1"]
[EndTime "8:28:47 PST"]
[Termination "HajiyevKanan won on time"]

1. e4 c6 2. d4 d5 3. e5 a6 4. Bd3 c5 5. c3 Nc6 6. Ne2 Bg4 7.
f3 Bd7 8. O-O e6 9. f4 Nh6 10.
Nd2 cxd4 11. cxd4 Qb6 12. Nf3 Be7 13. Be3 Ng4 14. Bd2 Nb4 15. Bb1 Bb5 16. Bc3 h5 17. Qd2 a5 18. a3 Nc6 19. Rd1 Bxe2 20. Qxe2 g6 21. h3 Nh6 22. Bd3 Nf5 23. Bxf5 gxf5 24.
Rac1 h4 25. Qf2 a4 26. Kh2 Qb3 27. Rd3 Kd7 28. Rcd1 Qc4 29. Be1 Qb5 30. Qd2 Na5 31. Bf2 Nc4 32. Qe2 Qxb2 33. Qe1 Qb6 34. Bxh4 Qd8 35.
Bxe7 Qxe7 36. Rb1 b6 37. Qb4 Qxb4 38. Rxb4 Kc6 39. Ng5 Ra7 40. Kg1 b5 41. Kf2 Rg8 42. g4 fxg4 43. hxg4 Rh8 44. Kg2 Rb7 45. Rb1 b4 46. axb4 a3 47. Ra1 Kb5 48. Rb3 Ka4 49. Rh3 Rxh3 50. Kxh3 Kxb4 51. f5 exf5 52. gxf5 Kc3 53.
Kg4 Kxd4 54. e6 fxe6 55. fxe6 Kc3 56. Kf5 Kb2 57. Rh1 a2 0-1

[Event "Early-Titled-Tuesday-Blitz-February-06-2024"]
[Site "Chess.com"]
[Date "2024.02.06"]
[Round "3"]
[White "Barath1308"]
[Black "Dinosaurio_1975"]
[Result "0-1"]
[WhiteElo "2403"]
[BlackElo "2592"]
[TimeControl "180+1"]
[EndTime "8:28:47 PST"]
[Termination "Dinosaurio_1975 won by resignation"]

1. Nf3 d5 2. e3 Nf6 3. b3 Bf5 4. Bb2 e6 5. d3 h6 6. Nbd2 Be7 7. Be2 O-O 8. O-O Nbd7 9. a3 c6 10. c4 Re8 11. Ne5 Bd6 12. Ndf3 Qc7 13. d4 Ng4 14. Nxg4 Bxg4 15. h3 Bf5 16. Bd3 Nf6 17. cxd5 Bxd3 18.
Qxd3 exd5 19. Ne5 Ne4 20. Rac1 Re6 21. f3 Ng3 22. Rfe1 Rae8 23. Ng4 Qe7 24. b4 a6 25. Bc3 Qg5 26. Bd2 Qf5 27. Nf2 Qxd3 28. Nxd3 Nf5 29.
Ne5 Bxe5 30. dxe5 Rxe5 31. Kf2 f6 32. g4 Nd6 33. Bc3 R5e6 34. Bd4 Kf7 35. a4 f5 36. Bc5 fxg4 37. hxg4 Nc4 38. b5 axb5 39. axb5 cxb5 40. Rb1 b6 41. Bd4 Ra8 42. Rxb5 Ra2+ 43. Re2 Rxe2+ 44. Kxe2 Rd6 45. Kd3 g6 46. e4 Na3 47. Rxb6 Rxb6 48.
Bxb6 dxe4+ 49. Kxe4 Nb5 50. Be3 Kg7 51. Kd5 h5 52.
Ke6 h4 53. Bf2 h3 54. Bg3 Nd4+ 55. Ke5 Nxf3+ 56. Kf4 h2 57. Bxh2 Nxh2 58. Kg3 Nf1+ 59. Kf2 Nd2 60. Ke3 Nc4+ 61. Kd4 Nd6 62. Ke5 Nf7+ 63.
Ke6 Ng5+ 64. Ke5 Kf7 65. Kf4 Kf6 0-1

[Event "Early-Titled-Tuesday-Blitz-February-06-2024"]
[Site "Chess.com"]
[Date "2024.02.06"]
[Round "3"]
[White "Szachulec75"]
[Black "Maftuna2303"]
[Result "1-0"]
[WhiteElo "2221"]
[BlackElo "2421"]
[TimeControl "180+1"]
[EndTime "8:28:49 PST"]
[Termination "Szachulec75 won by resignation"]

1. Nf3 Nf6 2. g3 d5 3. Bg2 Bg4 4. d3 e6 5. O-O h6 6. Nbd2 c5 7. e4 Nc6 8. c3 Be7 9. Qc2 Qc7 10. Re1 O-O 11. Nf1 dxe4 12. dxe4 e5 13. Ne3 Be6 14. Nh4 Rfd8 15. Nhf5 Bf8 16. Bd2 g6 17. Nh4 Bg7 18.
Rad1 Ng4 19. Nd5 Qa5 20. h3 Nf6 21. Bxh6 Bxh6 22. Nxf6+ Kg7 23. Nd5 Rd7 24. b3 Rad8 25.
Qe2 b5 26. Qf3 Bg5 27. Qe2 Ne7 28. c4 Nc6 29. Nf3 Nd4 30. Nxd4 cxd4 31. cxb5 Rb7 32. a4 f6 33. h4 Bh6 34. Qf3 Rf8 35. h5 Bg5 36. hxg6 Kxg6 37. Ra1 Rh7 38. b4 Qd8 39.
a5 Rfh8 40. b6 Qd7 41. bxa7 Qxa7 42. Qd3 Qd7 43. b5 Bh3 44. Bf3 Bg4 45. a6 Bxf3 46.
Qxf3 Qh3 47. a7 Qh2+ 48. Kf1 Ra8 49. b6 Rb7 50. Qf5+ Kg7 51. Qf3 Qh3+ 52. Ke2 Qd7 53. Rac1 Qb5+ 54. Qd3 Qb2+ 55. Rc2 Qb5 56. Qxb5 1-0

[Event "Early-Titled-Tuesday-Blitz-February-06-2024"]
[Site "Chess.com"]
[Date "2024.02.06"]
[Round "3"]
[White "NikoTheodorou"]
[Black "tsaruk_maks"]
[Result "1-0"]
[WhiteElo "3070"]
[BlackElo "2756"]
[TimeControl "180+1"]
[EndTime "8:28:50 PST"]
[Termination "NikoTheodorou won on time"]

1. Nf3 f5 2. b3 d6 3. d4 Nf6 4. Bb2 g6 5. Nc3 Bg7 6. h4 h6 7. Qd3 Nc6 8. d5 Ne5 9. Nxe5 dxe5 10. e4 O-O 11. O-O-O fxe4 12. Qc4 Kh8 13. Be2 e6 14. dxe6 Qe7 15. Nxe4 Bxe6 16. Qc5 Rae8 17. Qxe7 Rxe7 18.
Nxf6 Rxf6 19. f3 Rf4 20. h5 g5 21. Rd8+ Rf8 22. Rxf8+ Bxf8 23. Bxe5+ Bg7 24. Bxg7+ Kxg7 25.
Kd2 Kf6 26. g3 Bf7 27. Rh2 a5 28. Bd3 a4 29. f4 gxf4 30. gxf4 Rd7 31. Ke3 Rd5 32. Be2 b6 33. Bf3 Rc5 34. Kd4 Be6 35. Be4 Bf7 36. Bf3 Be6 37. c4 axb3 38. axb3 Bf7 39.
Bg4 Rc6 40. Bf3 Rd6+ 41. Ke3 Re6+ 42. Kd2 Rd6+ 43. Kc3 Re6 44. Kd3 Rd6+ 45. Ke2 Re6+ 46. Kf2 Rd6 47. Be2 Rd4 48. Ke3 Rd6 49. Rg2 Re6+ 50.
Kd2 Rd6+ 51. Kc3 Re6 52. Kd4 Rd6+ 53. Ke3 Re6+ 54. Kd2 Rd6+ 55. Kc2 1-0